cohdb
Replays
Latest Replays
All Replays
Popular Replays
Top Player Replays
Match Explorer
How It Works
Community
CoH3 Stats
Reddit
Sign in to upload your games and track your stats! →
Sign in with Steam
Match 41923639
Unlisted
Match 41923639
Overview
Messages
Build Orders
End
Scout Squad
Construct Barracks
Selects Heavy Weapons
1⁄4-ton 4x4 Truck
Riflemen Squad
Riflemen Squad
Grenade Package
Infantry Support Center
Engineer Squad
Riflemen Squad
Construct Weapon Support Center
M3 Armored Personnel Carrier
Selects Assault Carriers
Selects Exchangeable Parts
Selects M2HB .50cal Heavy Machine Gun
M1918 Browning Automatic Rifles
M1919 Machine Gun Team
Munitions Surplus
M3 Assault Carrier
Bazooka Squad
M1919 Machine Gun Team
Survival Training
Selects M26 Pershing Heavy Tank
M26 Pershing Heavy Tank
Construct Medical Station
Advanced Logistics
Scout Squad
Selects Rapid Reposition
Bazooka Squad
Construct Tank Depot
Riflemen Squad
Riflemen Squad
M26 Pershing Heavy Tank
Riflemen Squad
Insomniac
TechBee
Phenomensky
Wander MOR
0
0
Comments
sign in to comment!
No comments posted yet!